General information
- name: BNet
- type: Ladder team game (AT/RT)
- host: Battle.net
- saver: Gobiner
map: RiverOfSouls
- players: 6
- length: 62:06
- speed: Fast
- version: 1.23 W3XP
- replay type: Public
» download(584 KB)
Players
team 1 (winner)
Gobiner (
purple | 47 APM | 2935 actions | 62:06)
7 Blademaster
3 Wind Walk
3 Critical Strike
1 Bladestorm
» actions
| Assign group hotkey | 21 | |
| Basic commands | 15 | |
| Build / train | 103 | |
| ESC pressed | 7 | |
| Enter build submenu | 27 | |
| Enter hero's abilities submenu | 7 | |
| Give item / drop item | 8 | |
| Right click | 1411 | |
| Select / deselect | 367 | |
| Select group hotkey | 654 | |
| Use ability | 315 | |
2935 total
» units
» upgrades
| Spiked Barricades | 1 | |
| Ranged Weapons | 3 | |
| Liquid Fire | 1 | |
| Armor | 2 | |
| Reinforced Defenses | 1 | |
8 total
» buildings
| Altar of Storms | 1 | |
| Orc Burrow | 4 | |
| War Mill | 1 | |
| Watch Tower | 21 | |
| Voodoo Lounge | 3 | |
| Stronghold | 4 | |
| Fortress | 2 | |
| Beastiary | 2 | |
38 total
» build order
00:07 Altar of Storms
00:15 Orc Burrow
00:29 War Mill
01:41 Watch Tower
02:00 Orc Burrow
02:19 Watch Tower
02:42 Watch Tower
03:07 Voodoo Lounge
03:33 Watch Tower
03:48 Watch Tower
04:36 Voodoo Lounge
04:44 Watch Tower
05:01 Watch Tower
05:30 Stronghold
05:30 Stronghold
05:30 Stronghold
06:00 Watch Tower
06:09 Watch Tower
06:25 Voodoo Lounge
06:39 Watch Tower
07:50 Fortress
07:51 Fortress
07:54 Beastiary
07:56 Beastiary
08:01 Orc Burrow
08:02 Orc Burrow
08:40 Watch Tower
08:40 Watch Tower
19:15 Watch Tower
19:15 Watch Tower
19:17 Watch Tower
25:16 Watch Tower
25:16 Watch Tower
25:17 Watch Tower
25:20 Watch Tower
25:20 Watch Tower
25:21 Watch Tower
» items
| Boots of Speed | 1 | |
| Staff of Teleportation | 1 | |
| Dust of Appearance | 1 | |
| Lesser Clarity Potion | 9 | |
| Healing Salve | 3 | |
| Orb of Lightning | 1 | |
| Potion of Lesser Invulnerability | 7 | |
23 total
kunt.roII (
blue | 125 APM | 7791 actions | 62:05)
6 Blood Mage
3 Flame Strike
2 Siphon Mana
1 Summon Phoenix
6 Paladin
3 Holy Light
3 Divine Shield
» actions
| Assign group hotkey | 165 | |
| Basic commands | 112 | |
| Build / train | 88 | |
| Enter build submenu | 46 | |
| Enter hero's abilities submenu | 12 | |
| Give item / drop item | 13 | |
| Right click | 3883 | |
| Select / deselect | 362 | |
| Select group hotkey | 2703 | |
| Use ability | 407 | |
7791 total
» units
| Peasant | 16 | |
| Sorceress | 2 | |
| Priest | 4 | |
22 total
» upgrades
| Masonry | 3 | |
| Magic Sentry | 1 | |
| Sorceress Training | 2 | |
| Priest Training | 1 | |
7 total
» buildings
| Altar of Kings | 2 | |
| Farm | 5 | |
| Lumber Mill | 1 | |
| Scout Tower | 35 | |
| Arcane Tower | 4 | |
| Guard Tower | 15 | |
| Keep | 2 | |
| Arcane Vault | 1 | |
| Castle | 2 | |
| Arcane Sanctum | 1 | |
| Gryphon Aviary | 1 | |
| Town Hall | 1 | |
70 total
» build order
00:08 Altar of Kings
00:19 Farm
00:45 Farm
00:56 Lumber Mill
01:00 Scout Tower
01:26 Arcane Tower
01:27 Arcane Tower
01:50 Scout Tower
02:14 Scout Tower
02:16 Guard Tower
02:22 Farm
02:41 Scout Tower
02:45 Guard Tower
03:13 Scout Tower
03:14 Scout Tower
04:23 Keep
04:23 Keep
04:44 Guard Tower
04:45 Guard Tower
05:09 Guard Tower
05:18 Scout Tower
05:18 Scout Tower
05:20 Scout Tower
05:53 Scout Tower
05:53 Scout Tower
05:55 Guard Tower
05:58 Arcane Vault
06:00 Scout Tower
06:00 Scout Tower
06:31 Scout Tower
06:32 Guard Tower
07:00 Castle
07:01 Castle
07:10 Scout Tower
07:10 Scout Tower
07:14 Scout Tower
07:15 Scout Tower
07:48 Farm
07:50 Arcane Sanctum
07:54 Guard Tower
08:29 Guard Tower
10:21 Scout Tower
10:22 Gryphon Aviary
11:13 Guard Tower
11:40 Farm
14:55 Scout Tower
14:56 Scout Tower
14:57 Scout Tower
15:39 Arcane Tower
16:51 Arcane Tower
16:53 Scout Tower
16:53 Scout Tower
16:54 Scout Tower
17:14 Scout Tower
17:16 Scout Tower
17:17 Scout Tower
17:29 Guard Tower
17:30 Scout Tower
17:31 Scout Tower
17:31 Scout Tower
17:33 Scout Tower
17:34 Scout Tower
17:34 Scout Tower
17:35 Scout Tower
19:35 Guard Tower
23:15 Town Hall
31:08 Altar of Kings
» items
| Boots of Speed | 2 | |
| Circlet of Nobility | 4 | |
| Staff of Teleportation | 3 | |
| Lesser Clarity Potion | 1 | |
| Healing Salve | 2 | |
| Potion of Invisibility | 2 | |
| Orb of Lightning | 2 | |
| Staff of Sanctuary | 2 | |
| Potion of Lesser Invulnerability | 1 | |
19 total
MrFrosty (
green | 106 APM | 6601 actions | 62:05)
4 Archmage
2 Blizzard
2 Brilliance Aura
6 Mountain King
3 Storm Bolt
2 Bash
1 Avatar
6 Paladin
3 Holy Light
3 Divine Shield
» actions
| Assign group hotkey | 27 | |
| Basic commands | 71 | |
| Build / train | 96 | |
| Enter build submenu | 40 | |
| Enter hero's abilities submenu | 17 | |
| Give item / drop item | 18 | |
| Remove unit from queue | 2 | |
| Right click | 3880 | |
| Select / deselect | 1182 | |
| Select group hotkey | 805 | |
| Use ability | 463 | |
6601 total
» units
| Peasant | 12 | |
| Priest | 5 | |
| Sorceress | 4 | |
| Dragonhawk Rider | 5 | |
26 total
» upgrades
| Masonry | 3 | |
| Lumber Harvesting | 2 | |
| Magic Sentry | 1 | |
| Sorceress Training | 2 | |
| Priest Training | 2 | |
| Animal War Training | 1 | |
| Armor | 1 | |
12 total
» buildings
| Altar of Kings | 1 | |
| Farm | 7 | |
| Scout Tower | 29 | |
| Lumber Mill | 1 | |
| Arcane Tower | 9 | |
| Guard Tower | 13 | |
| Keep | 1 | |
| Arcane Sanctum | 1 | |
| Castle | 1 | |
| Arcane Vault | 1 | |
| Gryphon Aviary | 2 | |
| Blacksmith | 1 | |
| Barracks | 1 | |
68 total
» build order
00:04 Altar of Kings
00:18 Farm
00:40 Scout Tower
01:06 Lumber Mill
01:12 Arcane Tower
01:25 Farm
01:34 Scout Tower
02:09 Scout Tower
02:18 Guard Tower
02:34 Scout Tower
03:06 Scout Tower
03:07 Guard Tower
03:25 Keep
03:41 Arcane Tower
03:43 Scout Tower
03:49 Guard Tower
03:54 Scout Tower
04:55 Guard Tower
04:56 Scout Tower
04:58 Guard Tower
05:01 Farm
05:11 Scout Tower
05:16 Scout Tower
05:20 Scout Tower
05:22 Scout Tower
05:26 Guard Tower
05:58 Arcane Sanctum
06:24 Arcane Tower
06:24 Arcane Tower
06:36 Arcane Tower
07:07 Guard Tower
07:09 Scout Tower
07:29 Scout Tower
07:30 Scout Tower
07:45 Guard Tower
08:03 Scout Tower
08:09 Scout Tower
08:10 Scout Tower
08:11 Scout Tower
08:26 Arcane Tower
10:05 Farm
10:08 Guard Tower
10:11 Scout Tower
10:23 Castle
10:45 Arcane Tower
11:07 Arcane Vault
11:41 Guard Tower
11:56 Arcane Tower
12:30 Arcane Tower
14:33 Scout Tower
14:34 Scout Tower
15:04 Guard Tower
18:50 Scout Tower
18:51 Scout Tower
18:53 Scout Tower
18:54 Scout Tower
22:54 Guard Tower
22:59 Scout Tower
23:01 Scout Tower
23:02 Scout Tower
23:16 Farm
23:17 Farm
23:18 Farm
23:58 Gryphon Aviary
24:01 Gryphon Aviary
24:03 Blacksmith
24:26 Barracks
28:41 Guard Tower
» items
| Staff of Teleportation | 3 | |
| Boots of Speed | 3 | |
| Orb of Lightning | 3 | |
| Staff of Sanctuary | 3 | |
| Periapt of Vitality | 1 | |
13 total
team 2 (loser)
Gx.Aiya (
teal | 207 APM | 12823 actions | 62:02)
3 Archmage
2 Summon Water Elemental
1 Brilliance Aura
3 Mountain King
2 Storm Bolt
1 Bash
3 Paladin
2 Holy Light
1 Divine Shield
» actions
| Assign group hotkey | 104 | |
| Basic commands | 416 | |
| Build / train | 102 | |
| Enter build submenu | 29 | |
| Enter hero's abilities submenu | 9 | |
| Give item / drop item | 5 | |
| Right click | 4506 | |
| Select / deselect | 1710 | |
| Select group hotkey | 5645 | |
| Use ability | 297 | |
12823 total
» units
| Peasant | 13 | |
| Footman | 6 | |
| Flying Machine | 10 | |
| Mortar Team | 8 | |
| Siege Engine | 8 | |
| Dragonhawk Rider | 12 | |
57 total
» upgrades
| Defend | 1 | |
| Lumber Harvesting | 2 | |
| Gunpowder | 3 | |
| Fragmentation Shards | 1 | |
| Barrage | 1 | |
| Cloud | 1 | |
9 total
» buildings
| Altar of Kings | 1 | |
| Barracks | 1 | |
| Farm | 15 | |
| Scout Tower | 7 | |
| Arcane Tower | 5 | |
| Keep | 2 | |
| Blacksmith | 1 | |
| Lumber Mill | 1 | |
| Arcane Vault | 1 | |
| Workshop | 2 | |
| Castle | 1 | |
| Guard Tower | 2 | |
| Gryphon Aviary | 1 | |
40 total
» build order
00:11 Altar of Kings
00:23 Barracks
00:38 Farm
00:53 Farm
01:39 Scout Tower
01:48 Scout Tower
01:58 Farm
02:01 Farm
02:08 Arcane Tower
02:08 Arcane Tower
02:09 Arcane Tower
02:28 Arcane Tower
02:40 Farm
03:40 Keep
03:40 Keep
05:05 Blacksmith
05:17 Lumber Mill
05:25 Arcane Vault
06:40 Workshop
07:07 Workshop
07:23 Farm
07:24 Farm
07:24 Farm
08:32 Castle
11:01 Farm
11:02 Farm
14:12 Scout Tower
14:17 Scout Tower
15:19 Guard Tower
16:24 Gryphon Aviary
16:30 Farm
16:31 Farm
17:53 Scout Tower
17:55 Scout Tower
17:56 Scout Tower
21:33 Guard Tower
23:48 Farm
24:23 Farm
» items
| Scroll of Regeneration | 2 | |
| Staff of Sanctuary | 3 | |
| Scroll of Town Portal | 2 | |
| Potion of Healing | 1 | |
| Potion of Lesser Invulnerability | 1 | |
| Scroll of Protection | 1 | |
10 total

»
gx.songinsuk (
pink | 83 APM | 5123 actions | 62:00)
4 Priestess of the Moon
1 Searing Arrows
2 Trueshot Aura
1 Scout
3 Keeper of the Grove
2 Entangling Roots
1 Force of Nature
2 Demon Hunter
1 Evasion
1 Mana Burn
» actions
| Assign group hotkey | 9 | |
| Basic commands | 336 | |
| Build / train | 132 | |
| ESC pressed | 2 | |
| Enter build submenu | 40 | |
| Enter hero's abilities submenu | 9 | |
| Give item / drop item | 5 | |
| Right click | 2812 | |
| Select / deselect | 926 | |
| Select group hotkey | 674 | |
| Use ability | 178 | |
5123 total
» units
| Wisp | 40 | |
| Archer | 4 | |
| Faerie Dragon | 4 | |
| Hippogryph | 4 | |
| Dryad | 2 | |
| Glaive Thrower | 2 | |
| Druid of the Talon | 1 | |
| Chimaera | 7 | |
64 total
» upgrades
| Strength of the Wild | 3 | |
| Ultravision | 1 | |
| Improved Bows | 1 | |
| Abolish Magic | 1 | |
| Vorpal Blades | 1 | |
| Druid of the Talon Training | 1 | |
| Reinforced Hides | 3 | |
| Corrosive Breath | 1 | |
12 total
» buildings
| Altar of Elders | 1 | |
| Moon Well | 7 | |
| Hunter's Hall | 1 | |
| Ancient of War | 2 | |
| Ancient of Wonders | 1 | |
| Tree of Ages | 5 | |
| Tree of Life | 2 | |
| Ancient of Wind | 2 | |
| Ancient of Lore | 1 | |
| Ancient Protector | 18 | |
| Tree of Eternity | 7 | |
| Chimaera Roost | 2 | |
49 total
» build order
00:05 Altar of Elders
00:17 Moon Well
01:47 Hunter's Hall
01:51 Moon Well
02:19 Ancient of War
02:40 Ancient of War
02:44 Ancient of Wonders
03:15 Moon Well
03:46 Moon Well
05:04 Tree of Ages
07:10 Tree of Life
07:46 Ancient of Wind
07:49 Ancient of Lore
08:10 Moon Well
08:49 Ancient of Wind
09:32 Ancient Protector
09:43 Ancient Protector
09:45 Tree of Eternity
09:46 Tree of Eternity
09:46 Tree of Eternity
09:46 Tree of Eternity
10:18 Ancient Protector
10:22 Ancient Protector
10:53 Ancient Protector
12:54 Moon Well
13:54 Ancient Protector
15:05 Ancient Protector
15:09 Ancient Protector
15:38 Ancient Protector
15:49 Ancient Protector
16:19 Tree of Life
17:47 Ancient Protector
18:03 Ancient Protector
19:34 Tree of Ages
19:34 Tree of Ages
19:34 Tree of Ages
20:28 Ancient Protector
20:30 Ancient Protector
21:23 Ancient Protector
21:25 Ancient Protector
22:16 Tree of Eternity
22:16 Tree of Eternity
24:27 Ancient Protector
24:40 Chimaera Roost
24:42 Chimaera Roost
25:10 Ancient Protector
29:55 Moon Well
» items
| Dust of Appearance | 2 | |
| Potion of Healing | 1 | |
| Staff of Preservation | 1 | |
| Scroll of Town Portal | 2 | |
| Orb of Venom | 1 | |
| Orb of Corruption | 1 | |
| Scroll of Healing | 2 | |
| Scroll of Protection | 1 | |
| Potion of Invisibility | 3 | |
14 total

»
Gx.Sssoo (
yellow | 191 APM | 11868 actions | 62:05)
6 Death Knight
3 Death Coil
2 Unholy Aura
1 Animate Dead
3 Lich
2 Frost Nova
1 Dark Ritual
» actions
| Assign group hotkey | 67 | |
| Basic commands | 336 | |
| Build / train | 183 | |
| Enter build submenu | 35 | |
| Enter hero's abilities submenu | 9 | |
| Give item / drop item | 8 | |
| Right click | 3237 | |
| Select / deselect | 1056 | |
| Select group hotkey | 6506 | |
| Use ability | 431 | |
11868 total
» units
| Acolyte | 33 | |
| Ghoul | 13 | |
| Crypt Fiend | 2 | |
| Frost Wyrm | 10 | |
| Obsidian Statue | 5 | |
63 total
» upgrades
| Unholy Strength | 2 | |
| Web | 1 | |
| Creature Attack | 3 | |
| Disease Cloud | 1 | |
| Creature Carapace | 3 | |
| Ghoul Frenzy | 1 | |
| Destroyer Form | 1 | |
| Freezing Breath | 1 | |
13 total
» buildings
| Graveyard | 1 | |
| Crypt | 3 | |
| Altar of Darkness | 1 | |
| Ziggurat | 13 | |
| Tomb of Relics | 2 | |
| Nerubian Tower | 8 | |
| Spirit Tower | 10 | |
| Halls of the Dead | 1 | |
| Necropolis | 1 | |
| Black Citadel | 3 | |
| Slaughterhouse | 2 | |
| Sacrificial Pit | 1 | |
| Boneyard | 3 | |
49 total
» build order
00:07 Graveyard
00:10 Crypt
00:15 Crypt
00:37 Altar of Darkness
00:45 Ziggurat
01:19 Ziggurat
01:35 Tomb of Relics
02:06 Nerubian Tower
03:11 Ziggurat
04:20 Ziggurat
04:37 Ziggurat
05:14 Spirit Tower
05:17 Ziggurat
05:40 Nerubian Tower
05:40 Nerubian Tower
05:41 Nerubian Tower
06:03 Halls of the Dead
06:13 Ziggurat
06:46 Spirit Tower
06:46 Spirit Tower
07:03 Necropolis
07:07 Spirit Tower
07:39 Crypt
07:59 Ziggurat
08:04 Ziggurat
08:58 Ziggurat
09:03 Ziggurat
09:13 Ziggurat
09:56 Black Citadel
09:56 Black Citadel
09:56 Black Citadel
09:58 Nerubian Tower
09:59 Spirit Tower
09:59 Spirit Tower
10:04 Nerubian Tower
11:01 Spirit Tower
11:01 Spirit Tower
11:02 Spirit Tower
11:04 Ziggurat
11:14 Slaughterhouse
11:19 Slaughterhouse
12:19 Tomb of Relics
12:56 Sacrificial Pit
13:50 Boneyard
13:53 Boneyard
13:55 Boneyard
» items
| Rod of Necromancy | 4 | |
| Dust of Appearance | 2 | |
| Sacrificial Skull | 1 | |
| Boots of Speed | 1 | |
| Potion of Invisibility | 3 | |
| Staff of Teleportation | 1 | |
| Potion of Mana | 5 | |
| Potion of Healing | 3 | |
| Orb of Corruption | 2 | |
| Scroll of Town Portal | 8 | |
| Lesser Clarity Potion | 1 | |
| Staff of Sanctuary | 5 | |
| Potion of Lesser Invulnerability | 7 | |
| Scroll of Protection | 1 | |
| Scroll of Healing | 3 | |
47 total
Chat log
(00:11 / All) kunt.roII: GL N HF
(00:26 / All) MrFrosty: garg feed
(00:27 / All) MrFrosty: nice strat
(00:32 / All) Gobiner: gl hf eta
(02:19 / Allies) kunt.roII: TT
(28:14 / Allies) kunt.roII: durp
(28:15 / Allies) kunt.roII: lago time
(28:17 / Allies) kunt.roII: ok
(28:18 / Allies) kunt.roII: that works
(28:41 / All) kunt.roII: im glad u guys are so enthusiastic about losing
(31:58 / Allies) kunt.roII: 300g
(31:58 / Allies) kunt.roII: plz
(37:24 / Allies) kunt.roII: gold pzl
(37:27 / Allies) kunt.roII: also brb dogz going wild
(37:36 / Allies) MrFrosty: dogs gone wild
(37:40 / Allies) MrFrosty: volume 7
(39:22 / Allies) kunt.roII: ttt
(41:18 / Allies) kunt.roII: cool
(41:44 / Allies) MrFrosty: geez!
(41:57 / Allies) kunt.roII: haha
(41:58 / Allies) kunt.roII: seriously
(42:15 / Allies) MrFrosty: no mass bats gobiner
(42:25 / Allies) kunt.roII: negative 325 exp till 6
(50:20 / Allies) kunt.roII: or d
(50:20 / Allies) kunt.roII: d
(50:26 / All) kunt.roII: dont worry
(50:32 / All) kunt.roII: taht 1000 unsummmon gold will win
(50:35 / All) kunt.roII: where your 5000 of air failed
(50:42 / All) kunt.roII: or was taht 10000 of air
(50:43 / All) kunt.roII: not sure
(56:21 / Allies) kunt.roII: noob allies
(58:04 / All) kunt.roII: gratz
(61:07 / All) Gobiner: sorry for your loss
(61:56 / All) Gx.Aiya: gg
(61:59 / All) kunt.roII: 2ez
(62:02 / All) kunt.roII: 2b gg